 Dungeon Crawl Stone Soup version 0.30-a0-305-g026cb31310 (webtiles) character file.

Game seed: 18037729088276057103

74 ryw the Trooper (level 4, 0/39 HPs)
             Began as a Demonspawn Monk on Oct 21, 2022.
             Slain by an adder (4 damage)
             ... on level 2 of the Dungeon.
             The game lasted 00:02:25 (1205 turns).

ryw the Trooper (Demonspawn Monk)                   Turns: 1205, Time: 00:02:26

Health: 0/39       AC:  2    Str: 11    XL:     4   Next: 10%
Magic:  4/4        EV: 12    Int: 14    God:
Gold:   103        SH:  0    Dex: 15    Spells: 3/3 levels left

rFire   . . .      SeeInvis .      - Unarmed
rCold   . . .      Faith    .    (no shield)
rNeg    . . .      Spirit   .    a - +0 robe
rPois   .          Reflect  .    (no helmet)
rElec   .          Harm     .    (no cloak)
rCorr   .          Rampage  .    (no gloves)
Will    .....                    (no boots)
Stlth   ++........               (no amulet)
HPRegen 0.26/turn                (no ring)
MPRegen 0.09/turn                (no ring)

@: brilliant, flying
A: powered by death 1, powered by pain 1
a: no special abilities


You were on level 2 of the Dungeon.
You visited 1 branch of the dungeon, and saw 2 of its levels.

You collected 103 gold pieces.

Inventory:

Missiles
 g - a javelin (quivered)
Armour
 a - a +0 robe (worn)
Scrolls
 c - a scroll of enchant armour {unknown}
 d - a scroll of noise {unknown}
 f - a scroll of vulnerability {unknown}
 h - 2 scrolls of teleportation {unknown}
 j - 3 scrolls of immolation {unknown}
 k - a scroll of fog {unknown}
Potions
 e - a potion of brilliance


   Skills:
 + Level 5.0 Fighting
 - Level 2.6 Dodging
 - Level 1.7 Stealth
 - Level 2.6 Unarmed Combat


You had 3 spell levels left.
You didn't know any spells.
Your spell library contained the following spells:

 Spells                   Type           Power      Damage    Failure   Level
 Summon Ice Beast         Ice/Summ       0%         N/A       96%         4
 Summon Mana Viper        Hex/Summ       0%         N/A       100%        5
 Monstrous Menagerie      Summ           0%         N/A       100%        7


Dungeon Overview and Level Annotations

Branches:
Dungeon (2/15)

Altars:


Innate Abilities, Weirdness & Mutations

You regenerate a little health from kills.
You sometimes gain a little power by taking damage.


Message History

You barely miss the adder.
You feel sick. The adder barely misses you.
You completely miss the adder.
You feel sick. The adder barely misses you. The adder closely misses you.
You hit the adder.
The adder is lightly wounded.
You feel sick.
You are no longer poisoned.
The adder bites you.
You are poisoned.
The adder poisons you!
It was a potion of brilliance.
You feel clever all of a sudden.
You feel sick. The adder bites you.
It was a potion of flight.
You feel very buoyant.
You fly up into the air.
You feel sick. The adder bites you but does no damage.
The gnoll hits you with a +0 whip.
You barely miss the adder.
The adder is lightly wounded.
You feel sick. The adder barely misses you. The gnoll hits you with a +0 whip.
The adder barely misses you.
You barely miss the adder.
The adder is lightly wounded.
You feel sick. The gnoll hits you with a +0 whip!
* * * LOW HITPOINT WARNING * * *
The adder misses you.
You closely miss the adder.
The adder is lightly wounded.
The adder barely misses you. The gnoll closely misses you.
You hit the adder.
The adder is severely wounded.
You feel sick.
You are no longer poisoned.
The adder bites you but does no damage. The gnoll closely misses you.
You barely miss the adder. Your punch misses the adder.
The adder is severely wounded.
The adder bites you but does no damage. The gnoll hits you with a +0 whip.
* * * LOW HITPOINT WARNING * * *
The adder bites you.
You die...

.....# #...# ###.###### .....#
#...#.....gg.... #.....#
#...#.###..g.... ........
.............$. #.#.#.##.###.!#.#
######## #. #.#.#.# .......
###### .#.#.#
#.#.#.#####.#.#######g.... .#.#.#
#.#..<..g@S...............
.#.#.###.###)#####(#.#######.....
.#.#.#.........).................
.........###.###.................
.........# #.###.................
.........# #...+.................
.........# #####.................
.........# #.................
...#.##### #.................


You could see a gnoll and an adder.

Vanquished Creatures
  An adder (D:2)
  2 gnolls (D:1)
  A worm (D:2)
  3 dart slugs
  4 ball pythons
  4 bats
  3 endoplasms (D:2)
  A giant cockroach (D:1)
  3 goblins (D:1)
  2 hobgoblins (D:2)
  2 jackals (D:1)
  3 quokkas (D:1)
  5 kobolds
  A rat (D:1)
35 creatures vanquished.

Notes
Turn   | Place    | Note
-------+----------+-------------------------------------------
     0 | D:1      | ryw the Demonspawn Monk began the quest for the Orb.
     0 | D:1      | Reached XP level 1. HP: 18/18 MP: 1/1
   135 | D:1      | Gained mutation: You sometimes gain a little power by
                  | taking damage. [demonic ancestry]
   135 | D:1      | Reached XP level 2. HP: 24/24 MP: 2/2
   410 | D:1      | Reached skill level 4 in Fighting
   552 | D:2      | Gained mutation: You regenerate a little health from kills.
                  | [demonic ancestry]
   552 | D:2      | Reached XP level 3. HP: 24/30 MP: 3/3
  1088 | D:1      | Reached skill level 5 in Fighting
  1088 | D:1      | Reached XP level 4. HP: 14/39 MP: 4/4
  1205 | D:2      | Slain by an adder

Illustrated notes

Levels and vault maps discovered:
D:1:      tarquinn_simple_flora_water_a, layout_basic, minmay_tiny_reverse_x
D:2:      layout_basic, uniq_crazy_yiuf_cottage

Skill      XL: |  1  2  3 |
---------------+----------+-----
Fighting       | 4 5 |  5.0
Dodging        | |  2.6
Stealth        | |  1.7
Unarmed Combat | |  2.6

Action                   |  1- 3 |  4- 6 || total
-------------------------+-------+-------++-------
Melee: Unarmed           |   171 |    13 ||   184
       Punch             |     4 |       ||     4
Throw: Javelin           |       |     2 ||     2
  Use: Potion            |     1 |     2 ||     3
 Stab: Sleeping          |     5 |       ||     5
       Distracted        |     1 |       ||     1
Armor: Robe              |    27 |     4 ||    31
Dodge: Dodged            |   115 |    13 ||   128

Table legend: (Time is in decaauts)
 A = Elapsed time spent in this place.
 B = Non-inter-level travel time spent in this place.
 C = Inter-level travel time spent in this place.
 D = Time resting spent in this place.
 E = Time spent auto-exploring this place.
 F = Levels seen in this place.
 G = Mean time per level.
                   A        B        C        D        E       F      G
               +--------+--------+--------+--------+--------+-----+--------+
         Total |   1199 |   1188 |     11 |    207 |    567 |   2 |  599.5 |
       Dungeon |   1199 |   1188 |     11 |    207 |    567 |   2 |  599.5 |
               +--------+--------+--------+--------+--------+-----+--------+

Top non-repeatable levels by time:
     D:1: 677 daAuts
     D:2: 522 daAuts
